 Dungeon Crawl Stone Soup version 0.31-a0-360-gb3e1d13bf4 (webtiles) character file.

Game seed: 6335017270378712337

6659 LeprechaunX the Grappler (level 11, -3/100 HPs)
             Began as an Octopode Shapeshifter on July 26, 2023.
             Was a Believer of Hepliaklqana.
             Killed by vampiric draining
             ... invoked by a vampire
              (13 damage)
             ... on level 8 of the Dungeon.
             The game lasted 00:13:11 (9190 turns).

LeprechaunX the Grappler (Octopode Shapeshifter)    Turns: 9190, Time: 00:13:12

Health: -3/100     AC: 25    Str: 18    XL:     11   Next: 3%
Magic:  0/13       EV:  2    Int: 10    God:    Hepliaklqana [**....]
Gold:   473        SH:  0    Dex: 14    Spells: 10/10 levels left

rFire   . .          .
                       - Unarmed
rCold   . . .        (no shield)
rNeg    . . .        (helmet currently unavailable)
rPois   +            y - amulet of guardian spirit
rElec   .            v - ring of poison resistance
rCorr   .            (no ring)
SInv    .            (no ring)
Will    .....        (no ring)
Stlth   +            (no ring)
HPRegen 0.36/turn    (no ring)
MPRegen 0.13/turn    (no ring)
                     (no ring)

%: guardian spirit
@: tree-form
A: stationary, stasis, torment immunity, boosted hp, reduced essence, almost no
armour, (amphibious), 8 rings, (camouflage 1), (gelatinous body 1), (nimble
swimmer 1), (tentacles)
a: Renounce Religion, Recall Ancestor, Ancestor Identity


You were on level 8 of the Dungeon.
You worshipped Hepliaklqana.
Hepliaklqana was pleased with you.
You were a tree.
You visited 2 branches of the dungeon, and saw 9 of its levels.

You collected 473 gold pieces.

Inventory:

Missiles
 r - 3 javelins
Armour
 k - a +2 hat
Jewellery
 v - a ring of poison resistance (left branch)
 y - an amulet of guardian spirit (around neck)
 C - an amulet of magic regeneration
Talismans
 b - a beast talisman
Wands
 l - a wand of polymorph (16)
 w - a wand of flame (25)
 x - a wand of light (13) (quivered)
Scrolls
 c - 4 scrolls of teleportation {unknown}
 e - 7 scrolls of identify {unknown}
 g - 5 scrolls of blinking {unknown}
 i - a scroll of amnesia {unknown}
 m - 2 scrolls of enchant weapon {unknown}
 p - a scroll of noise {unknown}
 t - a scroll of vulnerability {unknown}
 z - a scroll of brand weapon {unknown}
 A - a scroll of enchant armour {unknown}
 F - a scroll of summoning {unknown}
Potions
 a - a potion of lignification
 d - a potion of invisibility {unknown}
 f - a potion of haste {unknown}
 h - 2 potions of resistance {unknown}
 j - a potion of might {unknown}
 n - a potion of brilliance {unknown}
 o - 2 potions of heal wounds {unknown}
 q - 3 potions of curing {unknown}
 s - 2 potions of degeneration {unknown}
 B - a potion of attraction {unknown}
 D - a potion of ambrosia {unknown}
 E - a potion of mutation {unknown}
Miscellaneous
 u - a piece from Xom's chessboard (15/15)


   Skills:
 + Level 7.1 Fighting
 + Level 7.5 Dodging
 * Level 10.6 Unarmed Combat
 + Level 3.8 Invocations
 + Level 6.7 Shapeshifting


You had 10 spell levels left.
You didn't know any spells.
Your spell library contained the following spells:

 Spells                   Type           Power      Damage    Failure   Level
 Magic Dart               Conj           0%         1d3       36%         1
 Shock                    Conj/Air       0%         1d3       36%         1
 Cigotuvi's Dreadful Rot  Necr/Pois/Air  0%         N/A       50%         2
 Scorch                   Fire           0%         2d5       50%         2
 Searing Ray              Conj           0%         2d4       50%         2
 Flame Wave               Conj/Fire      0%         2d4       98%         4
 Fulminant Prism          Conj/Hex       0%         3d5       98%         4
 Summon Cactus Giant      Summ           0%         N/A       100%        6


Dungeon Overview and Level Annotations

Branches:
Dungeon (8/15)             Temple (1/1) D:4            Lair (0/5) D:8

Altars:
Ashenzari
Cheibriados
Dithmenos
Elyvilon
Hepliaklqana
Kikubaaqudgha
Makhleb
Nemelex Xobeh
Okawaru
Qazlal
Ru
Sif Muna
Trog
Uskayaw
Vehumet
Wu Jian
Xom
Yredelemnul
Zin
The Shining One

Shops:
D:4 !   D:7 :

Annotations:
D:2 1 runed translucent door, Crazy Yiuf
D:6 4 runed translucent doors


Innate Abilities, Weirdness & Mutations

You are a tree.
Your roots penetrate the ground, keeping you stationary.
You cannot be teleported.
You are immune to unholy pain and torment.
Your maximum health is greatly increased.
Your life essence is reduced to manifest your ancestor. (-10% HP)
You cannot wear most types of armour.
((You are amphibious.))
You can wear up to eight rings at the same time.
((Your skin changes colour to match your surroundings (Stealth+).))
((Your rubbery body absorbs attacks. (AC +1, EV +1)))
((You are camouflaged when in or above water. (Stealth+)))
((You have tentacles for arms and can constrict up to eight enemies at once.))


Message History

Something tries to affect you, but you resist.
You are too confused!
You are too confused!
You hear some strange, mumbled words.
You are more confused.
You're too confused to attack without stumbling around!
You're too confused to attack without stumbling around!
You're too confused to attack without stumbling around!
You're too confused to attack without stumbling around!
You barely miss something. You squeeze something!
Something draws life force from you!!
You bump into the stone wall.
Something closely misses you. Something bites you but does no damage.
You bump into the stone wall.
Something draws life force from you!
* * * LOW HITPOINT WARNING * * *
You bump into the stone wall.
Something hits you but does no damage. Something closely misses you.
Really quaff the potion of lignification?
Your transformation has ended.
You turn into a tree.
Your roots penetrate the ground.
Something hits you. Something bites you but does no damage.
You swing at nothing.
You closely miss something. Your punch misses something.
Something draws life force from you.
* * * LOW HITPOINT WARNING * * *
You hit something but do no damage. Something hits you but does no damage.
Something bites you but does no damage.
You smack something!
Something hits you but does no damage. Something bites you but does no damage.
You hit something but do no damage. Your punch misses something.
Something hits you but does no damage. Something completely misses you.
You miss something.
You feel less confused.
Unknown command.
You hit something. Something draws life force from you!
* * * LOW HITPOINT WARNING * * *
You hit something. Something hits you but does no damage.
Something bites you but does no damage.
You hit something but do no damage. Something draws life force from you!
You die...

#...###......#..#..R...#.##.
#...# #......#..#......#....
#...###..#####.)#####..#.###
#.....#......#..#...R..###
##....#......#..#......#
#.....#####..#..#..########
#....>#.. #..#..#..#[.(#..##
#.....#.8.#..#..#..#R)(##...
#.....#†)†{♣.#..#..'...###.<
#.....########..##########..
#...........................
##..............#########...
##.....##....(## ####
##############


There were no monsters in sight!

Vanquished Creatures
  2 cyclopes
  A rime drake (D:7)
  Sigmund (D:2)
  A wyvern (D:6)
  2 yaks (D:8)
  An acid dragon (D:8)
  4 ice beasts
  2 orc warriors (D:8)
  A sky beast (D:8)
  A black bear (D:6)
  A wolf (D:8)
  2 ogres
  4 centaurs
  2 phantoms
  4 bullfrogs
  2 scorpions
  A killer bee (D:8)
  4 hounds
  6 jellies
  2 orc priests
  3 gnoll boudas
  Jessica (D:2)
  A sleepcap (D:6)
  Natasha (thrice) (D:2)
  5 iguanas
  6 orc wizards
  11 gnolls
  4 adders
  2 white imps
  A worm (D:2)
  2 dart slugs
  12 orcs
  6 bats
  4 endoplasms
  4 giant cockroaches
  5 goblins (D:1)
  5 hobgoblins
  5 jackals
  6 quokkas
  7 ball pythons
  3 frilled lizards
  6 kobolds
  6 rats
152 creatures vanquished.

Vanquished Creatures (collateral kills)
  A two-headed ogre (D:8)
  A cyclops (D:6)
  A hornet (D:8)
  A vampire (D:8)
  A steam dragon (D:8)
  An orc warrior (D:7)
  An ice beast (D:8)
  A sky beast (D:6)
  A kobold brigand (D:8)
  A bullfrog (D:7)
  A wight (D:7)
  A hound (D:7)
  3 orc priests (D:8)
  An orc wizard (D:7)
  3 gnolls (D:7)
  3 orcs
  2 kobolds (D:8)
24 creatures vanquished.

Vanquished Creatures (others)
  A human (D:8)
  2 hexers (D:8)
  2 ancestors (D:6)
  An adder (D:4)
6 creatures vanquished.

Grand Total: 182 creatures vanquished

Notes
Turn   | Place    | Note
-------+----------+-------------------------------------------
     0 | D:1      | LeprechaunX the Octopode Shapeshifter began the quest for
                  | the Orb.
     0 | D:1      | Reached XP level 1. HP: 13/13 MP: 1/1
    99 | D:1      | Reached XP level 2. HP: 18/18 MP: 2/2
   291 | D:1      | Reached XP level 3. HP: 20/23 MP: 3/3
   938 | D:2      | Noticed Natasha
   944 | D:2      | Killed Natasha
   945 | D:2      | Reached XP level 4. HP: 29/29 MP: 4/4
   952 | D:2      | Noticed Natasha
   957 | D:2      | Killed Natasha
  1037 | D:2      | Reached skill level 4 in Unarmed Combat
  1102 | D:2      | Identified the +5 scale mail of Tohu {*Slow rCorr Str+3
                  | Dex+6}
  1188 | D:2      | Found a runed translucent door.
  1189 | D:2      | Noticed Crazy Yiuf
  1268 | D:2      | Noticed Jessica
  1274 | D:2      | Killed Jessica
  1275 | D:2      | Reached XP level 5. HP: 34/34 MP: 5/5
  1620 | D:2      | Noticed Sigmund
  1627 | D:2      | Killed Sigmund
  1628 | D:2      | Reached XP level 6. HP: 23/41 MP: 6/6
  1860 | D:2      | Noticed Natasha
  1867 | D:2      | Killed Natasha
  1868 | D:2      | Reached skill level 5 in Unarmed Combat
  2753 | D:3      | Found an ornate altar of the Wu Jian Council.
  2753 | D:3      | Found a sacrificial altar of Ru.
  2753 | D:3      | Found a basalt altar of Yredelemnul.
  2753 | D:3      | Found a broken altar of Ashenzari.
  2783 | D:3      | Found a faded altar of an unknown god.
  2787 | D:3      | Reached XP level 7. HP: 37/46 MP: 7/7
  2795 | D:3      | HP: 2/46 [orc priest/+0 mace (7)]
  3358 | D:4      | Got the Dissertation on the Lungs
  3583 | D:4      | Found a staircase to the Ecumenical Temple.
  3605 | Temple   | Entered the Ecumenical Temple
  3614 | Temple   | Became a worshipper of Hepliaklqana the Forgotten
  3724 | D:4      | Found Leackenn's Distillery.
  3775 | D:4      | Identified the +2 spear "Killer Bee's Bane" {flame, +Blink
                  | rElec Str-2 Dex+4}
  3940 | D:5      | Entered Level 5 of the Dungeon
  3995 | D:5      | Reached skill level 6 in Unarmed Combat
  4104 | D:5      | Reached * piety under Hepliaklqana
  4207 | D:5      | Reached XP level 8. HP: 48/48 MP: 8/8
  4825 | D:6      | Noticed a wyvern
  4853 | D:6      | Killed a wyvern
  4854 | D:6      | Reached skill level 7 in Unarmed Combat
  5063 | D:6      | Found a burning altar of Makhleb.
  5264 | D:6      | Found a large runed translucent door.
  5265 | D:6      | Found a large runed translucent door.
  5278 | D:6      | Reached skill level 5 in Dodging
  5344 | D:6      | Found a large runed translucent door.
  5344 | D:6      | Found a large runed translucent door.
  5347 | D:6      | Noticed a cyclops
  5405 | D:6      | Reached skill level 5 in Shapeshifting
  5448 | D:6      | Noticed a cyclops
  5583 | D:6      | Reached XP level 9. HP: 46/54 MP: 9/9
  5622 | D:6      | Reached skill level 5 in Fighting
  5623 | D:6      | Noticed a cyclops
  5630 | D:6      | Killed a cyclops
  5631 | D:6      | Reached skill level 8 in Unarmed Combat
  5821 | D:6      | Killed a cyclops
  6520 | D:7      | Reached ** piety under Hepliaklqana
  6521 | D:7      | Remembered your ancestor Impisi as a hexer
  6823 | D:7      | Reached skill level 9 in Unarmed Combat
  7235 | D:7      | Found Ruotsuh's Book Shop.
  7320 | D:8      | Reached XP level 10. HP: 48/61 MP: 8/10
  7327 | D:8      | Reached skill level 1 in Invocations
  7735 | D:8      | Found a staircase to the Lair.
  8066 | D:8      | Found an ancient bone altar of Kikubaaqudgha.
  8208 | D:8      | Noticed a two-headed ogre
  8596 | D:8      | Killed a two-headed ogre
  8597 | D:8      | Reached skill level 10 in Unarmed Combat
  8785 | D:8      | Noticed a cyclops
  8793 | D:8      | Killed a cyclops
  8796 | D:8      | HP: 2/63 [acid dragon/splash of acid (25)]
  9052 | D:8      | Identified the +5 great mace of Naekhu {chaos, *Rage rN+
                  | Str+4}
  9053 | D:8      | Identified the +3 scale mail "Leklyrgh" {rC++}
  9171 | D:8      | Reached XP level 11. HP: 60/67 MP: 11/13
  9190 | D:8      | Killed from afar by a vampire

Illustrated notes

Levels and vault maps discovered:
D:1:      psy_arrival_fountain, layout_basic
D:2:      layout_loops_corners, nicolae_titane, uniq_crazy_yiuf_cottage,
          uniq_jessica, uniq_sigmund, uniq_natasha
D:3:      layout_basic, chequers_temple_overflow_statue_of_worship,
          chequers_ecumenical_altar_simple_redux, dreamdust_wishing_well
D:4:      layout_cave_pools, temple_green, nrook_campfire,
          minmay_shop_grid_forest
D:5:      layout_gridville
D:6:      layout_basic, general_overflow_altar, chequers_serial_rivers_large_a,
          minmay_hollow_rounded_squares
D:7:      minmay_angry_zag, layout_basic, serial_shops,
          nicolae_shop_tiny_real_fake_doors, grunt_decor_junction
D:8:      kennysheep_windowed_halls, layout_rooms, tgw_kikubaaqudgha,
          hellmonk_lair_entry_icy
Temple:   nicolae_temple_superstar

Skill      XL: |  1  2  3  4  5  6  7  8  9 10 |
---------------+-------------------------------+-----
Fighting       | 2 3 4 6 7 |  7.1
Unarmed Combat | 4 5 6 7 9 10 | 10.6
Dodging        | 3 4 5 6 7 |  7.5
Shapeshifting  | 4 5 6 |  6.7
Invocations    | 3 |  3.8

Action                     |  1- 3 |  4- 6 |  7- 9 | 10-12 || total
---------------------------+-------+-------+-------+-------++-------
  Melee: Unarmed           |    49 |    66 |   167 |    89 ||   371
         Constrict         |    10 |    16 |    31 |    13 ||    70
         Punch             |     1 |       |    11 |     7 ||    19
         Tentacles         |     9 |    12 |    44 |    19 ||    84
  Throw: Javelin           |       |       |     3 |     6 ||     9
 Invoke: Ancestor Life: He |       |       |     1 |       ||     1
  Evoke: Wand              |       |       |       |     5 ||     5
    Use: Potion            |       |       |       |     1 ||     1
   Stab: Sleeping          |     6 |     4 |    10 |     1 ||    21
         Distracted        |       |     1 |       |     1 ||     2
         Confused          |       |       |     1 |     1 ||     2
         Invisible         |       |       |       |     2 ||     2
 Armour: Skin              |     2 |     5 |     3 |    10 ||    20
  Dodge: Dodged            |    33 |    40 |    92 |    47 ||   212

Table legend: (Time is in decaauts)
 A = Elapsed time spent in this place.
 B = Non-inter-level travel time spent in this place.
 C = Inter-level travel time spent in this place.
 D = Time resting spent in this place.
 E = Time spent auto-exploring this place.
 F = Levels seen in this place.
 G = Mean time per level.
                   A        B        C        D        E       F      G
               +--------+--------+--------+--------+--------+-----+--------+
         Total |   9152 |   8704 |    448 |   2076 |   5170 |   9 | 1016.9 |
       Dungeon |   9133 |   8702 |    431 |   2076 |   5170 |   8 | 1141.6 |
        Temple |     18 |      1 |     17 |      0 |      0 |   1 |   18.0 |
               +--------+--------+--------+--------+--------+-----+--------+

Top non-repeatable levels by time:
     D:6: 1520 daAuts
     D:2: 1485 daAuts
     D:8: 1440 daAuts
     D:7: 1419 daAuts
     D:3: 875 daAuts
     D:1: 870 daAuts
     D:5: 845 daAuts
     D:4: 676 daAuts
  Temple: 18 daAuts
